 Dungeon Crawl Stone Soup version 0.28-a0-1152-g9c71ebef14 (webtiles) character file.

Game seed: 1077030549897603310

163 fragbeetle the Insei (level 5, -6/39 HPs)
             Began as a Merfolk Transmuter on Dec 15, 2021.
             Mangled by a wyvern zombie (12 damage)
             ... on level 5 of the Dungeon.
             The game lasted 00:10:46 (2990 turns).

fragbeetle the Insei (Merfolk Transmuter)           Turns: 2990, Time: 00:10:46

Health: -6/39      AC:  7    Str: 12    XL:     5   Next: 44%
Magic:  8/9        EV: 13    Int: 13    God:
Gold:   157        SH:  0    Dex: 14    Spells: 1/9 levels left

rFire   . . .      SeeInvis .     - Unarmed
rCold   . . .      Faith    .   (no shield)
rNeg    . . .      Spirit   .   l - +0 robe
rPois   .          Reflect  .   (helmet currently unavailable)
rElec   .          Harm     .   (no cloak)
rCorr   .          Rampage  .   s - +0 pair of gloves
Will    .....                   (boots currently unavailable)
Stlth   +.........              (no amulet)
HPRegen 0.13/turn               f - +4 ring of protection
MPRegen 0.11/turn               (no ring)

@: appendages
A: horns 2, (nimble swimmer 2), mertail
a: End Transformation


You were on level 5 of the Dungeon.
You had temporarily grown beastly horns.
You visited 1 branch of the dungeon, and saw 5 of its levels.

You collected 157 gold pieces.

Inventory:

Missiles
 c - 172 stones
 m - 27 poisoned darts
Armour
 h - a +0 kite shield
 l - a +0 robe (worn)
 n - a +0 pair of boots (melded)
 s - a +0 pair of gloves (worn)
Jewellery
 f - a +4 ring of protection (left hand)
Scrolls
 b - a scroll of magic mapping {unknown}
 d - 3 scrolls of summoning {unknown}
 e - 2 scrolls of amnesia {unknown}
 i - a scroll of immolation {unknown}
 j - a scroll of blinking {unknown}
 k - a scroll of identify {unknown}
 o - a scroll of teleportation {unknown}
 q - a scroll of fog {unknown}
 t - a scroll of enchant armour {unknown}
Potions
 a - a potion of curing {unknown}
 g - a potion of resistance {unknown}
 p - a potion of attraction {unknown}
 r - a potion of ambrosia {unknown}


   Skills:
 * Level 2.3 Fighting
 * Level 3.7 Dodging
 + Level 4.1 Unarmed Combat
 + Level 2.9 Spellcasting
 * Level 3.8 Transmutations
 * Level 0.4 Ice Magic
 * Level 1.1 Poison Magic


You had one spell level left.
You knew the following spells:

 Your Spells              Type           Power      Damage    Failure   Level
a - Beastly Appendage     Tmut           22%        N/A       4%          1
b - Spider Form           Tmut/Pois      8%         N/A       26%         3
c - Ice Form              Ice/Tmut       7%         N/A       67%         4

Your spell library contained the following spells:

 Spells                   Type           Power      Damage    Failure   Level
 Wereblood                Tmut           11%        N/A       7%          2
 Ignite Poison            Fire/Tmut/Pois 6%         N/A       34%         3
 Mephitic Cloud           Conj/Pois/Air  2%         N/A       52%         3
 Freezing Cloud           Conj/Ice/Air   1%         6-21      99%         5


Dungeon Overview and Level Annotations

Branches:
Dungeon (5/15)
 Temple: D:4-7

Altars:

Shops:
D:4 :

Annotations:
D:5 Prince Ribbit


Innate Abilities, Weirdness & Mutations

You have temporarily grown beastly horns.
((You are quick and stealthy near water. (Stealth+, EV+, Speed+++)))
Your lower body shifts to a powerful aquatic tail in water.


Message History

You miss the adder.
The adder is severely wounded.
The adder barely misses you.
You hit the adder.
You kill the adder!
Your transformation is almost over.
You see here an adder corpse.
Your horns disappear.
Your +0 pair of boots unmelds from your body.
You open the door.
A wyvern zombie comes into view.
There is an open door here.
Casting: Beastly Appendage (safe; 4% risk of failure)
Confirm with . or Enter, or press ? or * to list all spells.
You grow a pair of large bovine horns.
Your +0 pair of boots melds into your body.
You hit the wyvern zombie. You headbutt the wyvern zombie!
The wyvern zombie is moderately damaged.
The wyvern zombie bites you!
You hit the wyvern zombie.
The wyvern zombie is moderately damaged.
The wyvern zombie bites you!
You hit the wyvern zombie. Your headbutt misses the wyvern zombie.
The wyvern zombie is heavily damaged.
The wyvern zombie bites you but does no damage.
You hit the wyvern zombie.
The wyvern zombie is severely damaged.
The wyvern zombie bites you!
* * * LOW HITPOINT WARNING * * *
The wyvern zombie bites you but does no damage.
You hit the wyvern zombie but do no damage.
The wyvern zombie is severely damaged.
The wyvern zombie misses you.
You hit the wyvern zombie but do no damage.
The wyvern zombie is severely damaged.
The wyvern zombie misses you.
You hit the wyvern zombie but do no damage.
The wyvern zombie is severely damaged.
The wyvern zombie bites you!
You die...

#.#
#####.##
#......#
#......#
#......#
#......#
#......#
##'#####
#@# #Z#
#.# #.#
..# ...
..# ##
##.# .#


You could see a wyvern zombie.

Vanquished Creatures
  A centaur skeleton (D:5)
  Ijyb (D:4)
  4 adders
  2 dart slugs (D:3)
  4 endoplasms
  6 giant cockroaches
  7 goblins
  5 hobgoblins
  10 jackals
  3 quokkas
  2 ball pythons
  11 bats
  A frilled lizard (D:1)
  3 kobolds
  5 rats (D:1)
65 creatures vanquished.

Notes
Turn   | Place    | Note
-------+----------+-------------------------------------------
     0 | D:1      | fragbeetle the Merfolk Transmuter began the quest for the
                  | Orb.
     0 | D:1      | Reached XP level 1. HP: 15/15 MP: 3/3
    98 | D:1      | Reached XP level 2. HP: 15/21 MP: 5/5
   725 | D:1      | Reached XP level 3. HP: 26/26 MP: 4/6
   746 | D:1      | Learned a level 3 spell: Spider Form
  1710 | D:3      | Reached XP level 4. HP: 32/32 MP: 5/7
  1880 | D:3      | Reached skill level 4 in Unarmed Combat
  2078 | D:4      | Found Zyiffica's Book Emporium.
  2126 | D:4      | Noticed Ijyb
  2146 | D:4      | Paralysed by Ijyb for 3 turns
  2153 | D:4      | Paralysed by Ijyb for 7 turns
  2169 | D:4      | Killed Ijyb
  2170 | D:4      | Reached XP level 5. HP: 2/38 MP: 1/9
  2518 | D:4      | Learned a level 4 spell: Ice Form
  2850 | D:5      | Entered Level 5 of the Dungeon
  2850 | D:5      | Noticed Prince Ribbit
  2874 | D:5      | Reached skill level 1 in Poison Magic
  2874 | D:5      | Noticed a phantom
  2990 | D:5      | Mangled by a wyvern zombie

Illustrated notes

Levels and vault maps discovered:
D:1:      roderic_crossed_star, layout_loops_ring
D:2:      layout_rooms
D:3:      layout_rooms
D:4:      layout_rooms, serial_shops, shop, feat_on_display, uniq_ijyb
D:5:      layout_basic, chequers_decorated_corner, uniq_sigmund, uniq_pikel,
          uniq_menkaure, uniq_prince_ribbit1

Skill      XL: |  1  2  3  4  5 |
---------------+----------------+-----
Transmutations | 3 |  3.8
Dodging        | 3 |  3.7
Unarmed Combat | 4 |  4.1
Fighting       | 2 |  2.3
Poison Magic   | 1 |  1.1
Spellcasting   | |  2.9
Ice Magic      | |  0.4

Action                   |  1- 3 |  4- 6 || total
-------------------------+-------+-------++-------
Melee: Unarmed           |   119 |   100 ||   219
       Headbutt          |    15 |    17 ||    32
       Punch             |     2 |     2 ||     4
Throw: Dart              |       |     3 ||     3
 Cast: Beastly Appendage |    25 |    16 ||    41
 Stab: Sleeping          |     2 |       ||     2
Armor: Robe              |    31 |    30 ||    61
Dodge: Dodged            |    75 |    57 ||   132

Table legend: (Time is in decaauts)
 A = Elapsed time spent in this place.
 B = Non-inter-level travel time spent in this place.
 C = Inter-level travel time spent in this place.
 D = Time resting spent in this place.
 E = Time spent auto-exploring this place.
 F = Levels seen in this place.
 G = Mean time per level.
                   A        B        C        D        E       F      G
               +--------+--------+--------+--------+--------+-----+--------+
         Total |   2975 |   2893 |     82 |    467 |   1270 |   5 |  595.0 |
       Dungeon |   2975 |   2893 |     82 |    467 |   1270 |   5 |  595.0 |
               +--------+--------+--------+--------+--------+-----+--------+

Top non-repeatable levels by time:
     D:1: 1010 daAuts
     D:4: 825 daAuts
     D:2: 596 daAuts
     D:3: 448 daAuts
     D:5: 95 daAuts
